 Dungeon Crawl Stone Soup version 0.28-a0-881-gae16bb6c82 (webtiles) character file.

Game seed: 15118153446403109189

112 Gargoyl the Skirmisher (level 4, -2/41 HPs)
             Began as a Gnoll Abyssal Knight on Nov 21, 2021.
             Was a Follower of Lugonu.
             Slain by a worm (6 damage)
             ... on level 4 of the Dungeon.
             The game lasted 00:03:02 (2908 turns).

Gargoyl the Skirmisher (Gnoll Abyssal Knight)       Turns: 2908, Time: 00:03:03

Health: -2/41      AC:  3    Str: 13    XL:     4   Next: 95%
Magic:  7/7        EV: 12    Int: 10    God:    Lugonu [*.....]
Gold:   217        SH:  0    Dex: 12    Spells: 5/5 levels left

rFire   . . .      SeeInvis .   c - +2 trident (venom)
rCold   . . .      Faith    .   (no shield)
rNeg    . . .      Spirit   .   b - +0 leather armour
rPois   .          Reflect  .   (no helmet)
rElec   .          Harm     .   (no cloak)
rCorr   .          Rampage  .   (no gloves)
Will    .....                   (no boots)
Stlth   +.........              (no amulet)
HPRegen 0.13/turn               (no ring)
MPRegen 0.10/turn               (no ring)

@: lethally poisoned (-2 -> -5)
A: fangs 1, strong nose, distributed training
a: Renounce Religion, Depart the Abyss


You were on level 4 of the Dungeon.
You worshipped Lugonu.
Lugonu was aware of your devotion.
You visited 1 branch of the dungeon, and saw 4 of its levels.
You visited the Abyss 1 time.

You collected 217 gold pieces.

Inventory:

Hand Weapons
 a - a +2 hand axe
 c - a +2 trident of venom (weapon)
Armour
 b - a +0 leather armour (worn)
Jewellery
 h - a +6 ring of dexterity
Wands
 j - a wand of paralysis (7)
Scrolls
 f - 2 scrolls of magic mapping
Potions
 d - a potion of brilliance
 e - a potion of haste
 g - 2 potions of might {unknown}
 i - a potion of ambrosia


   Skills:
 + Level 6.6 Fighting
 + Level 1.2 Short Blades
 + Level 1.2 Long Blades
 + Level 4.7 Axes
 + Level 1.2 Maces & Flails
 + Level 1.2 Polearms
 + Level 1.2 Staves
 + Level 1.2 Slings
 + Level 1.2 Bows
 + Level 1.2 Crossbows
 + Level 1.2 Throwing
 + Level 4.7 Armour
 + Level 2.8 Dodging
 + Level 1.2 Stealth
 + Level 1.2 Shields
 + Level 1.2 Unarmed Combat
 + Level 1.2 Spellcasting
 + Level 1.0 Conjurations
 + Level 1.0 Hexes
 + Level 1.0 Summonings
 + Level 1.0 Necromancy
 + Level 1.0 Translocations
 + Level 1.0 Transmutations
 + Level 1.0 Fire Magic
 + Level 1.0 Ice Magic
 + Level 1.0 Air Magic
 + Level 1.0 Earth Magic
 + Level 1.0 Poison Magic
 + Level 4.7 Invocations
 + Level 1.2 Evocations


You had 5 spell levels left.
You didn't know any spells.
Your spell library contained the following spells:

 Spells                   Type           Power      Damage    Failure   Level
 Slow                     Hex            8%         N/A       26%         1
 Blink                    Tloc           4%         N/A       38%         2
 Confusing Touch          Hex            2%         N/A       63%         3
 Vampiric Draining        Necr           2%         2d6       63%         3
 Manifold Assault         Tloc           2%         N/A       100%        5
 Storm Form               Tmut/Air       1%         N/A       100%        7


Dungeon Overview and Level Annotations

Branches:
Dungeon (4/15)
 Temple: D:4-7

Altars:
Cheibriados
Dithmenos
Kikubaaqudgha
Qazlal
Sif Muna
Uskayaw
Zin


Innate Abilities, Weirdness & Mutations

You have very sharp teeth.
Your uncanny sense of smell can sniff out nearby items.
Your experience applies equally to all skills.


Message History

e - a potion of haste
As you read the scroll labelled SEMNYARHUD, it crumbles to dust.
You feel strangely unstable.
It was a scroll of teleportation.
As you read the scroll of enchant weapon, it crumbles to dust.
Your +1 trident of venom glows red for a moment.
Your surroundings suddenly seem different.
Found an escape hatch in the floor.
Found a stone staircase leading up.
An adder comes into view.
Found 14 arrows.
The adder hisses angrily.
A worm comes into view.
There are monsters nearby!
Found 8 gold pieces.
Found a stone staircase leading down.
You see here a +6 ring of dexterity.
h - a +6 ring of dexterity You closely miss the adder.
The adder barely misses you. x2
You closely miss the adder. The adder barely misses you.
You hit the adder but do no damage.
The adder is poisoned.
The adder bites you.
You are poisoned.
The adder poisons you! The adder bites you but does no damage.
You miss the adder. Your bite misses the adder.
You feel sick. The adder bites you but does no damage.
You barely miss the adder. You bite the adder, but do no damage.
The adder is lightly wounded.
You feel sick. The adder bites you. x2
You are more poisoned.
The adder poisons you!
You hit the adder.
The adder is heavily wounded.
You feel sick. The adder misses you. The worm bites you! The adder bites you.
You hit the adder.
You kill the adder!
Lugonu accepts your kill.
You feel sick.
Found a potion of brilliance.
You feel sick. The worm bites you!
* * * LOW HITPOINT WARNING * * *
You see here an adder corpse.
* * * LOW HITPOINT WARNING * * *
You feel sick. The worm bites you.
You die...

.... ######
...#..!..#.
......$....
...(......
#.........
#.........
#.........
#.@....... #.
###w†.......
#.#
#.##........
#.#
#...#..>....
#.#
##.#....###.#
#.#
##..####.# .
#.# #..## ...
#.###.##
.##..
##.....# .# .


You could see a worm.

Vanquished Creatures
  4 adders
  2 worms (D:2)
  4 dart slugs
  An orc (D:3)
  3 ball pythons
  6 endoplasms
  2 giant cockroaches
  3 goblins
  7 hobgoblins
  2 jackals (D:1)
  8 kobolds
  3 quokkas
  6 bats
  3 frilled lizards
  2 rats
56 creatures vanquished.

Notes
Turn   | Place    | Note
-------+----------+-------------------------------------------
     0 | Abyss:1  | Gargoyl the Gnoll Abyssal Knight began the quest for the
                  | Orb.
     0 | Abyss:1  | Reached XP level 1. HP: 23/23 MP: 3/3
   182 | Abyss:1  | Found a corrupted altar of Lugonu.
   190 | Abyss:2  | Found a corrupted altar of Lugonu.
   194 | Abyss:2  | Noticed an orange demon
   277 | Abyss:3  | Noticed a raiju
   278 | D:1      | Escaped the Abyss
   684 | D:1      | Reached XP level 2. HP: 26/29 MP: 5/5
  1144 | D:1      | Reached * piety under Lugonu
  1145 | D:1      | Reached XP level 3. HP: 27/35 MP: 6/6
  1653 | D:2      | Reached skill level 1 in Short Blades
  1653 | D:2      | Reached skill level 1 in Long Blades
  1653 | D:2      | Reached skill level 1 in Maces & Flails
  1653 | D:2      | Reached skill level 1 in Polearms
  1653 | D:2      | Reached skill level 1 in Staves
  1653 | D:2      | Reached skill level 1 in Slings
  1653 | D:2      | Reached skill level 1 in Bows
  1653 | D:2      | Reached skill level 1 in Crossbows
  1653 | D:2      | Reached skill level 1 in Throwing
  1653 | D:2      | Reached skill level 1 in Stealth
  1653 | D:2      | Reached skill level 1 in Shields
  1653 | D:2      | Reached skill level 1 in Unarmed Combat
  1653 | D:2      | Reached skill level 1 in Spellcasting
  1653 | D:2      | Reached skill level 1 in Evocations
  2023 | D:2      | Reached XP level 4. HP: 40/41 MP: 7/7
  2040 | D:2      | Found a faded altar of an unknown god.
  2157 | D:3      | Found an ancient bone altar of Kikubaaqudgha.
  2158 | D:3      | Found a snail-covered altar of Cheibriados.
  2194 | D:3      | Found a hide-covered altar of Uskayaw.
  2200 | D:3      | Found a shadowy altar of Dithmenos.
  2203 | D:3      | Found a shimmering blue altar of Sif Muna.
  2203 | D:3      | Found a glowing silver altar of Zin.
  2277 | D:3      | Found a stormy altar of Qazlal.
  2661 | D:3      | Reached skill level 1 in Conjurations
  2661 | D:3      | Reached skill level 1 in Hexes
  2661 | D:3      | Reached skill level 1 in Summonings
  2661 | D:3      | Reached skill level 1 in Necromancy
  2661 | D:3      | Reached skill level 1 in Translocations
  2661 | D:3      | Reached skill level 1 in Transmutations
  2661 | D:3      | Reached skill level 1 in Fire Magic
  2661 | D:3      | Reached skill level 1 in Ice Magic
  2661 | D:3      | Reached skill level 1 in Air Magic
  2661 | D:3      | Reached skill level 1 in Earth Magic
  2661 | D:3      | Reached skill level 1 in Poison Magic
  2908 | D:4      | Slain by a worm

Illustrated notes

Levels and vault maps discovered:
D:1:      wander_arrival_peaceful_grave, layout_basic, minmay_misc_feat_tiny,
          moated_statue
D:2:      layout_basic, ebering_ecumenical_altar_hall, item_on_display_b
D:3:      layout_rooms, nicolae_overflow_hallway_of_the_gods,
          gammafunk_temple_overflow_pools
D:4:      layout_rooms, mainiacjoe_overflow_alcove_1, gup_sewer_entry_spiral,
          corexii_mini_fake_secret_closet

Skill      XL: |  1  2  3  4 |
---------------+-------------+-----
Short Blades   | 1 |  1.2
Long Blades    | 1 |  1.2
Maces & Flails | 1 |  1.2
Polearms       | 1 |  1.2
Staves         | 1 |  1.2
Slings         | 1 |  1.2
Bows           | 1 |  1.2
Crossbows      | 1 |  1.2
Throwing       | 1 |  1.2
Stealth        | 1 |  1.2
Shields        | 1 |  1.2
Unarmed Combat | 1 |  1.2
Spellcasting   | 1 |  1.2
Evocations     | 1 |  1.2
Conjurations   | 1 |  1.0
Hexes          | 1 |  1.0
Summonings     | 1 |  1.0
Necromancy     | 1 |  1.0
Translocations | 1 |  1.0
Transmutations | 1 |  1.0
Fire Magic     | 1 |  1.0
Ice Magic      | 1 |  1.0
Air Magic      | 1 |  1.0
Earth Magic    | 1 |  1.0
Poison Magic   | 1 |  1.0
Fighting       | |  6.6
Axes           | |  4.7
Armour         | |  4.7
Dodging        | |  2.8
Invocations    | |  4.7

Action                   |  1- 3 |  4- 6 || total
-------------------------+-------+-------++-------
Melee: Trident           |    81 |    58 ||   139
       Bite              |    11 |     5 ||    16
       Punch             |     1 |       ||     1
Invok: Depart the Abyss  |     1 |       ||     1
  Use: Potion            |     2 |       ||     2
       Scroll            |     2 |     4 ||     6
 Stab: Sleeping          |     1 |       ||     1
Armor: Leather armour    |    26 |    12 ||    38
Dodge: Dodged            |    64 |    41 ||   105

Table legend: (Time is in decaauts)
 A = Elapsed time spent in this place.
 B = Non-inter-level travel time spent in this place.
 C = Inter-level travel time spent in this place.
 D = Time resting spent in this place.
 E = Time spent auto-exploring this place.
 F = Levels seen in this place.
 G = Mean time per level.
                   A        B        C        D        E       F      G
               +--------+--------+--------+--------+--------+-----+--------+
         Total |   2942 |   2934 |      8 |      0 |   2412 |   7 |  420.3 |
       Dungeon |   2665 |   2657 |      8 |      0 |   2175 |   4 |  666.2 |
         Abyss |    277 |    277 |      0 |      0 |    237 |   3 |   92.3 |
               +--------+--------+--------+--------+--------+-----+--------+

Top non-repeatable levels by time:
     D:1: 1094 daAuts
     D:3: 768 daAuts
     D:2: 767 daAuts
 Abyss:1: 185 daAuts
 Abyss:3: 68 daAuts
     D:4: 36 daAuts
 Abyss:2: 23 daAuts
